 Dungeon Crawl Stone Soup version 0.20-a0-967-g62cfa5d (webtiles) character file.

21721 Hybris the Basher (level 12, -11/84 HPs)
             Began as a Bultungin Summoner on Apr 7, 2017.
             Was a Priest of Hepliaklqana.
             Splashed by an oklob plant's acid (14 damage)
             ... on level 1 of the Lair of Beasts.
             The game lasted 00:55:04 (15251 turns).

Hybris the Basher (Bultungin Summoner)             Turns: 15251, Time: 00:55:05

Health: -11/84     AC: 14    Str:  7    XL:     12   Next: 93%
Magic:  24/24      EV: 11    Int: 19    God:    Hepliaklqana [***...]
Gold:   645        SH:  0    Dex: 16    Spells: 4/27 levels left

rFire    . . .     SeeInvis +   n - +11 whip "Hoym" {slash, *Rage rPois SInv}
rCold    . . .     Gourm    .   (no shield)
rNeg     . . .     Faith    .   w - +5 scale mail {rPois}
rPois    +         Spirit   .   s - +2 helmet
rElec    .         Reflect  .   D - +0 cloak
rCorr    .         Harm     .   C - +1 pair of gloves
MR       +....     Rnd*Rage +   o - +0 pair of boots
Stlth    +.........             f - amulet of regeneration
Regen    0.0/turn               B - ring of protection from magic
MPRegen  0.2/turn               N - ring of wizardry

@: corroded
A: short attention span, reduced essence, fangs 1, see invisible, screaming 1,
inhibited regeneration, strong nose
a: Recall Ancestor, Ancestor Identity, Transference, Renounce Religion


You were on level 1 of the Lair of Beasts.
You worshipped Hepliaklqana.
Hepliaklqana was most pleased with you.
You were hungry.

You visited 4 branches of the dungeon, and saw 16 of its levels.

You collected 1195 gold pieces.
You spent 550 gold pieces at shops.

Inventory:

Hand Weapons
 n - the +11 whip "Hoym" (weapon) {slash, *Rage rPois SInv}
   (You found it on level 4 of the Dungeon)

   It inflicts extra damage upon your enemies.
   It protects you from poison.
   It lets you see invisible.
   It may make you go berserk in combat.
 y - a +3 whip of flaming
 J - the +8 demon blade "Bloodbane" {slice, *Rage +Rage Stlth-}
   (You found it on level 9 of the Dungeon)

   It inflicts extra damage upon your enemies.
   It lets you go berserk.
   It may make you go berserk in combat.
   It makes you less stealthy.
Armour
 o - a +0 pair of boots (worn)
 s - a +2 helmet (worn)
 w - a +5 scale mail of poison resistance (worn)
 z - the +1 robe "Rauble" {rF+++ rN++ Dex-4}
   (You found it on level 8 of the Dungeon)

   It affects your dexterity (-4).
   It renders you almost immune to fire.
   It greatly protects you from negative energy.
 C - a +1 pair of gloves (worn)
 D - a +0 cloak (worn)
Jewellery
 f - an amulet of regeneration (around neck)
 m - an uncursed ring of ice
 B - a ring of protection from magic (left hand)
 M - an uncursed ring of resist corrosion {unknown}
 N - a ring of wizardry (right hand)
Wands
 i - a wand of flame (29/48)
 A - a wand of digging (8/24)
 G - a wand of flame (41/48)
 L - a wand of enslavement (6/24)
 Q - a wand of confusion (26/48)
 R - a wand of lightning (11/15)
Scrolls
 k - 3 scrolls of enchant weapon
 q - 8 scrolls of teleportation
 F - a scroll of blinking
 I - 4 scrolls of fog
 K - 5 scrolls of identify
 O - 4 scrolls of remove curse
Potions
 d - a potion of curing
 e - a potion of might {unknown}
 h - 2 potions of haste
 l - a potion of invisibility {unknown}
 p - 2 potions of magic
 r - a potion of brilliance {unknown}
 t - a potion of degeneration {unknown}
 x - 3 potions of mutation {unknown}
Books
 a - Bophoar's Reference Book on Supportive Intoxication
   (You found it on level 12 of the Dungeon)

   Spells                             Type                      Level
   a - Spider Form                    Transmutation/Poison         3
   b - Aura of Abjuration             Summoning                    5
   c - Alistair's Intoxication        Transmutation/Poison         5
   d - Summon Hydra                   Summoning                    7
 b - a book of Callings

   Spells                             Type                      Level
   a - Summon Small Mammal            Summoning                    1
   b - Call Imp                       Summoning                    2
   c - Call Canine Familiar           Summoning                    3
   d - Summon Guardian Golem          Hexes/Summoning              3
   e - Summon Lightning Spire         Summoning/Air                4
   f - Summon Ice Beast               Ice/Summoning                4
 g - a book of Beasts

   Spells                             Type                      Level
   a - Summon Butterflies             Summoning                    1
   b - Call Canine Familiar           Summoning                    3
   c - Summon Ice Beast               Ice/Summoning                4
   d - Summon Mana Viper              Hexes/Summoning              5
   e - Summon Hydra                   Summoning                    7
 E - a book of Necromancy

   Spells                             Type                      Level
   a - Pain                           Necromancy                   1
   b - Animate Skeleton               Necromancy                   1
   c - Vampiric Draining              Necromancy                   3
   d - Regeneration                   Charms/Necromancy            3
   e - Animate Dead                   Necromancy                   4
   f - Control Undead                 Necromancy                   4
 P - a book of Misfortune

   Spells                             Type                      Level
   a - Confusing Touch                Hexes                        1
   b - Confuse                        Hexes                        3
   c - Gell's Gravitas                Translocation                3
   d - Petrify                        Transmutation/Earth          4
   e - Metabolic Englaciation         Hexes/Ice                    5
   f - Yara's Violent Unravelling     Hexes/Transmutation          5
Comestibles
 c - 2 bread rations
 j - 7 royal jellies
 u - 12 meat rations
 v - 22 fruits


   Skills:
 + Level 8.8 Fighting
 - Level 10.4 Maces & Flails
 - Level 10.0 Armour
 - Level 9.2 Dodging
 - Level 2.6 Stealth
 - Level 8.1 Spellcasting
 - Level 8.3 Summonings
 * Level 6.7 Necromancy
 - Level 7.0 Ice Magic
 - Level 7.5 Air Magic
 - Level 8.5 Invocations


You had 4 spell levels left.
You knew the following spells:

 Your Spells              Type           Power        Failure   Level  Hunger
a - Summon Small Mammal   Summ           ####         1%          1    None
b - Call Imp              Summ           #####...     1%          2    None
c - Call Canine Familiar  Summ           #####...     4%          3    None
d - Summon Lightning Spi  Summ/Air       #####...     12%         4    ###....
e - Summon Ice Beast      Ice/Summ       #####...     12%         4    ###....
f - Summon Mana Viper     Hex/Summ       ###.....     96%         5    #####..
g - Animate Dead          Necr           N/A          21%         4    ###....


Dungeon Overview and Level Annotations

Branches:
Dungeon (13/15)            Temple (1/1) D:5            Lair (1/6) D:8
    Orc (1/2) D:10
 Vaults: D:13-14

Altars:
Ashenzari
Cheibriados
Dithmenos
Elyvilon
Fedhas
Gozag
Hepliaklqana
Kikubaaqudgha
Makhleb
Nemelex Xobeh
Okawaru
Qazlal
Ru
Sif Muna
Trog
Uskayaw
Vehumet
Wu Jian
Xom
Yredelemnul
Zin
The Shining One

Shops:
D:11 ::   Orc:1 %

Annotations:
Lair:1 exclusion: oklob plant


Innate Abilities, Weirdness & Mutations

You have a short attention span.
You have very sharp teeth.
You have supernaturally acute eyesight. (SInv)
Your uncanny sense of smell can sniff out nearby items.
Your life essence is reduced. (-10% HP)
You occasionally shout uncontrollably at your foes.
You do not regenerate when monsters are visible.


Message History

The splash of acid hits you! The acid corrodes you!
You are splashed with acid!
The acid burns!
You hit the oklob plant but do no damage.
You hit the oklob plant.
The oklob plant is lightly damaged.
The oklob plant spits acid at you. The splash of acid hits you!
The acid corrodes you!
You are splashed with acid!
The acid burns!
Dr.
Culocane IV points at the oklob plant and mumbles some strange words.
The stone arrow hits the oklob plant.
You feel better. The oklob plant spits acid at you.
The splash of acid hits you!
You are splashed with acid!
The acid burns!
* * * LOW HITPOINT WARNING * * *
Dr.
Culocane IV hits the oklob plant with a quarterstaff!
The oklob plant spits acid at you. The splash of acid hits you!
* * * LOW HITPOINT WARNING * * *
The acid corrodes you!
You are splashed with acid!
The acid burns!
You die...

#......... #..####P.P
##.###..÷.#
###P.#...÷#.#
###.#..##.P##..
###....>..####..P
####..........####..
#.RP..........#.###P
###P)@.........##..##.
#.####..........#...÷.
#...............###[##
#..P##...........#####
#..###..........#.....
#.## #..........P...P.
#.# #.........##....#
### #........######..
#.......## ##.


You could see the friendly Dr. Culocane IV the battlemage and an oklob plant.

Vanquished Creatures
  A hydra (D:11)
  4 two-headed ogres
  An orc high priest (Orc:1)
  Pikel (D:7)
  3 orc knights
  A gargoyle (D:12)
  A centaur zombie (D:12)
  A komodo dragon (D:12)
  5 trolls
  2 polar bears (Lair:1)
  4 hippogriffs
  A dream sheep (D:11)
  A shadow (D:12)
  A vampire (D:10)
  2 yaks (D:11)
  2 hungry ghosts (D:8)
  A warg (Orc:1)
  An acid dragon (D:11)
  2 water moccasins (Lair:1)
  2 sky beasts
  Duvessa (D:4)
  An ice beast (D:12)
  9 orc warriors
  3 ogres
  3 black bears
  3 phantoms
  2 centaurs
  3 big kobolds
  2 bullfrogs
  3 scorpions
  5 wights
  7 howler monkeys
  6 crimson imps
  A jelly (D:6)
  2 bullfrog skeletons
  2 bullfrog zombies (D:10)
  5 hounds
  2 centaur skeletons
  5 orc priests
  4 orc wizards
  An iguana (D:8)
  9 worker ants
  3 hound zombies
  Robin (D:2)
  A worker ant zombie (D:9)
  A gnoll (D:5)
  12 adders
  A howler monkey skeleton (D:9)
  3 shadow imps
  4 oozes
  2 worms
  A dart slug (D:5)
  6 leopard geckos
  45 orcs
  2 bats
  4 giant cockroaches
  10 goblins
  3 hobgoblins
  18 jackals
  5 quokkas
  A frilled lizard (D:4)
  A giant cockroach zombie (D:5)
  9 kobolds
  2 quokka skeletons
  6 rats
  A plant (Lair:1)
258 creatures vanquished.

Vanquished Creatures (collateral kills)
  The ghost of Goblin1989 the Carver, a journeyman BuFi of Okawaru (D:12)
  Harold (Orc:1)
  4 two-headed ogres
  An orc high priest (Orc:1)
  2 orc knights (Orc:1)
  Maurice (D:8)
  2 spiny frogs (Lair:1)
  2 polar bears (Lair:1)
  2 trolls
  A dream sheep (D:11)
  Sigmund (D:2)
  A wyvern (D:9)
  A warg (Orc:1)
  3 slaves (D:7)
  7 orc warriors
  4 ogres
  A crocodile (Lair:1)
  2 big kobolds
  2 bullfrogs
  Dowan (D:4)
  2 wights (D:9)
  A howler monkey (D:9)
  2 crimson imps
  A quasit (D:9)
  A centaur zombie (D:5)
  3 orc priests
  7 orc wizards
  A worker ant (D:12)
  2 adders (D:2)
  A dart slug (D:1)
  4 leopard geckos
  31 orcs
  A giant cockroach (D:1)
  12 goblins
  6 hobgoblins
  2 jackals (D:1)
  5 kobolds
  3 bats (D:1)
  A frilled lizard (D:1)
  2 rats (D:1)
128 creatures vanquished.

Vanquished Creatures (others)
  8 battlemagi
  8 ancestors
16 creatures vanquished.

Grand Total: 402 creatures vanquished

Notes
Turn   | Place    | Note
-------+----------+-------------------------------------------
     0 | D:1      | Hybris the Bultungin Summoner began the quest for the Orb.
     0 | D:1      | Reached XP level 1. HP: 13/13 MP: 4/4
   222 | D:1      | Reached skill level 1 in Fighting
   222 | D:1      | Reached XP level 2. HP: 19/21 MP: 3/6
   425 | D:1      | Reached skill level 1 in Armour
   430 | D:1      | Learned a level 2 spell: Call Imp
   942 | D:1      | Reached XP level 3. HP: 15/26 MP: 5/8
  1023 | D:1      | Learned a level 3 spell: Call Canine Familiar
  1286 | D:2      | Noticed Sigmund
  1316 | D:2      | Killed Sigmund
  1316 | D:2      | Reached XP level 4. HP: 15/34 MP: 1/10
  1545 | D:2      | Noticed Robin
  1607 | D:2      | Reached XP level 5. HP: 37/39 MP: 5/11
  1628 | D:2      | Killed Robin
  1917 | D:3      | Found a faded altar of an unknown god.
  2164 | D:3      | Learned a level 4 spell: Summon Lightning Spire
  2306 | D:3      | Reached skill level 1 in Air Magic
  3119 | D:4      | Noticed Dowan
  3126 | D:4      | Noticed Duvessa
  3129 | D:4      | Killed Dowan
  3129 | D:4      | Reached XP level 6. HP: 46/46 MP: 8/12
  3178 | D:4      | Killed Duvessa
  3367 | D:4      | Got a crude whip
  3368 | D:4      | Identified the +11 whip "Hoym" {slash, *Rage rPois SInv} (You found it on level 4 of the Dungeon)
  3443 | D:4      | Reached XP level 7. HP: 40/51 MP: 13/13
  4094 | D:5      | Entered Level 5 of the Dungeon
  4382 | D:5      | Reached skill level 5 in Maces & Flails
  4606 | D:5      | Found a staircase to the Ecumenical Temple.
  4688 | D:5      | Reached skill level 5 in Air Magic
  4701 | D:5      | Reached XP level 8. HP: 57/57 MP: 3/14
  4839 | Temple   | Entered the Ecumenical Temple
  5003 | Temple   | Became a worshipper of Hepliaklqana the Forgotten
  5277 | D:5      | Learned a level 4 spell: Summon Ice Beast
  5393 | D:6      | Reached skill level 5 in Armour
  5785 | D:6      | Reached * piety under Hepliaklqana
  6155 | D:7      | Noticed Pikel
  6171 | D:7      | Killed Pikel
  6171 | D:7      | Reached XP level 9. HP: 35/55 MP: 15/15
  6615 | D:8      | Got a sheer robe
  6626 | D:8      | Identified the cursed +1 robe "Rauble" {rF+++ rN++ Dex-4} (You found it on level 8 of the Dungeon)
  6678 | D:8      | Reached skill level 1 in Ice Magic
  6755 | D:8      | Noticed a two-headed ogre
  6917 | D:8      | Killed a two-headed ogre
  6965 | D:8      | Found a staircase to the Lair.
  6989 | D:8      | Reached skill level 5 in Ice Magic
  7122 | D:8      | Found a sacrificial altar of Ru.
  7130 | D:8      | Noticed Maurice
  7300 | D:8      | Noticed a two-headed ogre
  7313 | D:8      | Killed a two-headed ogre
  7313 | D:8      | Reached XP level 10. HP: 61/61 MP: 1/16
  7437 | D:8      | Killed Maurice
  7471 | D:8      | Noticed a two-headed ogre
  7606 | D:8      | Killed a two-headed ogre
  7606 | D:8      | Reached skill level 10 in Armour
  8119 | D:9      | Reached ** piety under Hepliaklqana
  8119 | D:9      | Noticed a two-headed ogre
  8143 | D:9      | Killed a two-headed ogre
  8754 | D:9      | Reached skill level 5 in Fighting
  9386 | D:10     | Entered Level 10 of the Dungeon
  9386 | D:10     | Noticed a two-headed ogre
  9403 | D:10     | Killed a two-headed ogre
  9403 | D:10     | Reached XP level 11. HP: 40/75 MP: 16/23
  9994 | D:10     | Reached skill level 5 in Invocations
 10238 | D:10     | Remembered your ancestor Dr. Culocane IV as a battlemage
 10303 | D:10     | Noticed a two-headed ogre
 10312 | D:10     | Killed a two-headed ogre
 10768 | D:10     | Found a staircase to the Orcish Mines.
 10943 | D:11     | Noticed a two-headed ogre
 10952 | D:11     | Killed a two-headed ogre
 10952 | D:11     | Reached skill level 5 in Dodging
 11036 | D:11     | Noticed a three-headed hydra
 11040 | D:11     | Killed a three-headed hydra
 11083 | D:11     | Found Neinn's Book Emporium.
 11087 | D:11     | Bought a book of Beasts for 550 gold pieces
 11206 | D:11     | Found Ysileclogg's Book Shoppe.
 11630 | D:12     | Identified Bophoar's Reference Book on Supportive Intoxication
 11638 | D:12     | Learned a level 5 spell: Summon Mana Viper
 11690 | D:12     | Noticed Goblin1989's ghost (journeyman BuFi)
 11711 | D:12     | Killed Goblin1989's ghost
 11759 | D:12     | Noticed a two-headed ogre
 11767 | D:12     | Killed a two-headed ogre
 11953 | D:12     | Reached *** piety under Hepliaklqana
 11963 | D:12     | Reached XP level 12. HP: 82/82 MP: 24/24
 12496 | Orc:1    | Entered Level 1 of the Orcish Mines
 12622 | Orc:1    | Found Huumoceacyx's Food Shoppe.
 12650 | Orc:1    | Noticed Harold
 12666 | Orc:1    | Killed Harold
 12666 | Orc:1    | Reached skill level 10 in Maces & Flails
 12803 | Orc:1    | Noticed an orc high priest
 12833 | Orc:1    | Gained mutation: You occasionally shout uncontrollably at your foes. [a neqoxec]
 12834 | Orc:1    | Gained mutation: You do not regenerate when monsters are visible. [a neqoxec]
 12860 | Orc:1    | Killed an orc high priest
 13476 | Orc:1    | Noticed an orc high priest
 13664 | Orc:1    | Noticed a soul eater
 13901 | Orc:1    | Killed an orc high priest
 14056 | Orc:1    | Learned a level 4 spell: Animate Dead
 14082 | Orc:1    | Reached skill level 1 in Necromancy
 14588 | Lair:1   | Entered Level 1 of the Lair of Beasts
 14708 | Lair:1   | Reached skill level 5 in Necromancy
 15048 | Lair:1   | Reached **** piety under Hepliaklqana
 15251 | Lair:1   | HP: 3/84 [oklob plant/splash of acid (10)]
 15251 | Lair:1   | Splashed by an oklob plant's acid

Vault maps used:
D:1:      minmay_arrival_cross
D:2:      uniq_robin, uniq_sigmund
D:3:      chequers_ecumenical_altar_simple, minmay_stone_trees_small
D:4:      lemuel_upstairs_altar, first_bread, uniq_duvessa
D:5:      minmay_temple_entry_large_hall
D:6:      hex_large, minmay_ogre_servants
D:7:      uniq_pikel
D:8:      nicolae_ru_sacrificial_ziggurat, lair_entry_dummy, uniq_maurice
D:11:     serial_shops, nicolae_shop_crystal, shop, hangedman_ranch
D:13:     hangedman_vaults_entry_quadrant_bands, hangedman_decor_points
Temple:   roderic_octagonal_lattice_temple
Lair:1:   beast_lair_carwin_large_2, minmay_lair_oklob_chamber
Orc:1:    serial_shops, nicolae_shop_behind_doors, special_room, uniq_harold

Skill      XL: |  1  2  3  4  5  6  7  8  9 10 11 12 |
---------------+-------------------------------------+-----
Fighting       | 1 2 7 8 |  8.8
Summonings     | 6 7 8 |  8.3
Armour         | 1 2 3 4 7 9 10 | 10.0
Spellcasting   | 4 8 |  8.1
Air Magic      | 2 3 5 7 |  7.5
Maces & Flails | 2 5 8 9 10 | 10.4
Ice Magic      | 6 7 |  7.0
Invocations    | 3 5 8 |  8.5
Dodging        | 8 9 |  9.2
Necromancy     | 6 |  6.7
Stealth        | |  2.6

Action                   |  1- 3 |  4- 6 |  7- 9 | 10-12 || total
-------------------------+-------+-------+-------+-------++-------
Melee: Unarmed           |    68 |       |       |       ||    68
       Bite              |     5 |    18 |     6 |    42 ||    71
       Dagger            |       |   192 |       |       ||   192
       Scythe            |       |     1 |       |       ||     1
       Whip              |       |    20 |   219 |   564 ||   803
 Cast: Summon Small Mamm |    11 |     1 |     2 |     3 ||    17
       Call Imp          |    14 |     8 |     1 |       ||    23
       Call Canine Famil |     3 |     5 |     3 |       ||    11
       Summon Lightning  |       |     1 |    11 |    27 ||    39
       Summon Ice Beast  |       |       |     3 |    34 ||    37
Invok: Ancestor Identity |       |       |     1 |       ||     1
       Ancestor Life: Ba |       |       |       |     1 ||     1
  Use: Scroll            |       |     8 |     7 |     7 ||    22
       Potion            |       |     1 |       |     6 ||     7
 Stab: Sleeping          |     1 |     5 |     8 |     3 ||    17
       Distracted        |       |     1 |       |     3 ||     4
  Eat: Chunk             |     2 |     7 |    14 |    29 ||    52
       Fruit             |       |     1 |       |       ||     1
       Bread ration      |       |       |     1 |     1 ||     2
Armor: Robe              |    11 |    55 |    40 |    58 ||   164
       Skin              |       |     2 |       |     8 ||    10
       Scale mail        |       |       |       |   152 ||   152
Dodge: Dodged            |    59 |   134 |   109 |   234 ||   536
